 Dungeon Crawl Stone Soup version 0.30-a0-613-gdd512c7efb (webtiles) character file.

Game seed: 8315497488944966437

62 pokeman the Magician (level 3, 0/20 HPs)
             Began as a Deep Elf Hedge Wizard on Jan 8, 2023.
             Slain by Pargi (1 damage)
             ... in a sewer.
             The game lasted 00:03:21 (1883 turns).

pokeman the Magician (Deep Elf Hedge Wizard)        Turns: 1883, Time: 00:03:22

Health: 0/20       AC:  3    Str:  7    XL:     3   Next: 85%
Magic:  0/11       EV: 12    Int: 20    God:
Gold:   37         SH:  0    Dex: 14    Spells: 4/12 levels left

rFire   . . .      SeeInvis .    a - +0 dagger
rCold   . . .      Faith    .    (no shield)
rNeg    . . .      Spirit   .    b - +0 robe
rPois   .          Reflect  .    c - +0 hat
rElec   .          Harm     .    (no cloak)
rCorr   .          Rampage  .    m - +0 pair of gloves
Will    .....                    (no boots)
Stlth   +                        (no amulet)
HPRegen 0.23/turn                (no ring)
MPRegen 0.12/turn                (no ring)

@: very slow
A: no striking features
a: no special abilities


You were in a sewer.
You visited 1 branch of the dungeon, and saw 3 of its levels.
You also visited: Sewer.

You collected 37 gold pieces.

Inventory:

Hand Weapons
 a - a +0 dagger (weapon)
Armour
 b - a +0 robe (worn)
 c - a +0 hat (worn)
 m - a +0 pair of gloves (worn)
Magical Staves
 n - a staff of death
Scrolls
 f - a scroll of enchant armour {unknown}
 g - 3 scrolls of noise {unknown}
 i - a scroll of immolation {unknown}
 j - a scroll of enchant weapon {unknown}
 k - a scroll of blinking {unknown}
 l - a scroll of amnesia {unknown}
Potions
 d - a potion of magic
 e - a potion of berserk rage {unknown}
 h - a potion of flight {unknown}


   Skills:
 - Level 1.0 Fighting
 - Level 1.0 Armour
 + Level 2.5 Dodging
 + Level 2.5 Stealth
 * Level 5.4 Spellcasting
 + Level 2.0 Conjurations
 - Level 1.1 Summonings
 - Level 1.1 Translocations


You had 4 spell levels left.
You knew the following spells:

 Your Spells              Type           Power      Damage    Failure   Level
a - Magic Dart            Conj           52%        1d5       4%          1
b - Mephitic Cloud        Conj/Pois/Air  8%         N/A       26%         3
c - Call Imp              Summ           9%         N/A       11%         2
d - Blink                 Tloc           18%        N/A       11%         2

Your spell library contained the following spells:

 Spells                   Type           Power      Damage    Failure   Level
 Slow                     Hex            20%        N/A       11%         1
 Cigotuvi's Dreadful Rot  Necr/Pois/Air  10%        N/A       17%         2
 Call Canine Familiar     Summ           9%         N/A       22%         3
 Portal Projectile        Hex/Tloc       14%        N/A       26%         3
 Leda's Liquefaction      Hex/Erth       2%         N/A       73%         4


Dungeon Overview and Level Annotations

Branches:
Dungeon (3/15)              Sewer (1/1)

Altars:

Annotations:
Sewer Pargi


Message History

Pargi claws you but does no damage.
Unknown command.
Casting: Magic Dart (safe; 4% risk of failure)
Confirm with . or Enter, or press ? or * to list all spells.
Aiming: Magic Dart (safe; 4% risk of failure)
Press: ? - help, Shift-Dir - straight line, f/p - Pargi
Aim: Pargi (severely wounded, 100% to hit)
Okay, then.
Unknown command.
Casting: Magic Dart (safe; 4% risk of failure)
Confirm with . or Enter, or press ? or * to list all spells.
You blink.
There is a gate leading back out of this place here.
You enter the shallow water.
Moving in this stuff is going to be slow.
A frilled lizard comes into view.
The frilled lizard hisses angrily.
A frilled lizard comes into view.
You enter the shallow water.
Moving in this stuff is going to be slow.
You feel stable enough to blink again.
The frilled lizard hisses angrily.
The frilled lizard bites you but does no damage.
Casting: Blink (safe; 11% risk of failure)
Confirm with . or Enter, or press ? or * to list all spells.
A shadowy apparition takes form in the air.
The frilled lizard misses you.
The frilled lizard attacks as you move away!
The frilled lizard closely misses you.
Your unstable footing causes you to fumble your attack.
The frilled lizard bites you.
* * * LOW HITPOINT WARNING * * *
The frilled lizard bites you but does no damage.
Your shadow imp gestures at the frilled lizard.
The frilled lizard barely resists.
Unknown command.
Pargi attacks as you move away! Pargi bites you.
* * * LOW HITPOINT WARNING * * *
Pargi claws you.
You die...

#≈≈≈≈≈≈..#
#≈≈≈≈≈≈≈~##
#≈≈≈≈≈≈≈≈.###
≈≈≈≈≈≈≈≈≈≈T.#
≈≈≈≈≈≈≈≈≈≈∩.#
##≈≈≈≈≈≈≈~###
#≈≈≈≈≈≈.####
##≈≈≈≈≈≈T#.##
≈≈≈≈≈≈≈≈l@~.#
≈≈≈≈≈≈≈≈l5.##
#≈≈≈≈≈≈≈≈≈≈~~
##≈≈≈≈≈≈≈≈≈≈≈.#
#≈≈≈≈≈≈≈≈≈≈≈~.#
≈≈≈≈≈≈≈≈≈≈≈≈≈~..
#≈≈≈≈≈≈≈≈≈≈≈≈≈~.
#≈≈≈≈≈≈≈≈≈≈≈≈≈≈


You could see Pargi, 2 frilled lizards and a friendly shadow imp (summoned).

Vanquished Creatures
  An adder (Sewer)
  A dart slug (D:1)
  5 endoplasms
  6 giant cockroaches
  6 goblins
  4 hobgoblins (D:1)
  3 quokkas
  8 ball pythons
  2 bats (D:1)
  A frilled lizard (Sewer)
  5 kobolds (D:1)
  4 rats (D:1)
46 creatures vanquished.

Notes
Turn   | Place    | Note
-------+----------+-------------------------------------------
     0 | D:1      | pokeman the Deep Elf Hedge Wizard began the quest for the
                  | Orb.
     0 | D:1      | Reached XP level 1. HP: 10/10 MP: 7/7
   311 | D:1      | Reached XP level 2. HP: 14/16 MP: 4/9
   620 | D:1      | Found a faded altar of an unknown god.
   836 | D:1      | Reached skill level 5 in Spellcasting
   961 | D:1      | Reached XP level 3. HP: 18/20 MP: 5/11
   965 | D:1      | Learned a level 3 spell: Mephitic Cloud
   968 | D:1      | Learned a level 2 spell: Call Imp
   971 | D:1      | Learned a level 2 spell: Blink
  1439 | D:2      | You fall into a shaft and drop 1 floor!
  1597 | D:3      | Found a glowing drain.
  1605 | D:3      | Reached skill level 1 in Fighting
  1706 | D:3      | Reached skill level 1 in Armour
  1783 | Sewer    | Entered a sewer
  1847 | Sewer    | Noticed Pargi
  1883 | Sewer    | HP: 1/20 [Pargi (2)]
  1883 | Sewer    | Slain by Pargi

Illustrated notes

Levels and vault maps discovered:
D:1:      psy_arrival_dodecagon, layout_loops_cross,
          ebering_ecumenical_altar_rust, hangedman_decor_lopped
D:2:      layout_basic, basic_altar, hex_intersection, hangedman_decor_growths
D:3:      layout_loops_corners, minmay_overflow_temple_star_quad,
          portal_sewer_entry_f, ebering_dispersal_statue_hall
Sewer:    sewer_co_pargi_island

Skill      XL: |  1  2  3 |
---------------+----------+-----
Spellcasting   | 5 |  5.4
Fighting       | 1 |  1.0
Conjurations   | 2 |  2.0
Armour         | 1 |  1.0
Dodging        | |  2.5
Stealth        | |  2.5
Summonings     | |  1.1
Translocations | |  1.1

Action                   || total
-------------------------++-------
Melee: Dagger            ||     4
 Cast: Magic Dart        ||   111
       Call Imp          ||     3
       Blink             ||     1
 Stab: Sleeping          ||     1
Armor: Robe              ||     7
Dodge: Dodged            ||    12

Table legend: (Time is in decaauts)
 A = Elapsed time spent in this place.
 B = Non-inter-level travel time spent in this place.
 C = Inter-level travel time spent in this place.
 D = Time resting spent in this place.
 E = Time spent auto-exploring this place.
 F = Levels seen in this place.
 G = Mean time per level.
                   A        B        C        D        E       F      G
               +--------+--------+--------+--------+--------+-----+--------+
         Total |   1892 |   1872 |     20 |    156 |   1325 |   4 |  473.0 |
       Dungeon |   1784 |   1764 |     20 |    156 |   1267 |   3 |  594.7 |
         Sewer |    107 |    107 |      0 |      0 |     58 |   1 |  107.0 |
               +--------+--------+--------+--------+--------+-----+--------+

Top non-repeatable levels by time:
     D:1: 1260 daAuts
     D:3: 346 daAuts
     D:2: 178 daAuts
   Sewer: 107 daAuts
